 Dungeon Crawl Stone Soup version 0.20.1-1-g8b1a95d (webtiles) character file.

21 rzd the Sneak (level 2, -2/13 HPs)
             Began as a Spriggan Enchanter on Sept 22, 2017.
             Hit by a stone thrown by a gnoll (5 damage)
             ... on level 1 of the Dungeon.
             The game lasted 00:07:21 (995 turns).

rzd the Sneak (Spriggan Enchanter)                   Turns: 995, Time: 00:07:22

Health: -2/13      AC:  2    Str:  4    XL:     2   Next: 62%
Magic:  6/6        EV: 18    Int: 16    God:
Gold:   0          SH:  0    Dex: 16    Spells: 5/6 levels left

rFire    . . .     SeeInvis +   a - +1 dagger
rCold    . . .     Gourm    .   (shield restricted)
rNeg     . . .     Faith    .   b - +0 robe
rPois    .         Spirit   .   (helmet restricted)
rElec    .         Reflect  .   (no cloak)
rCorr    .         Harm     .   (gloves unavailable)
MR       .....                  (boots unavailable)
Stlth    +++.......             (no amulet)
Regen    0.1/turn               (no ring)
MPRegen  0.1/turn               (no ring)

@: very quick
A: unfitting armour, see invisible, herbivore 3, speed 3, slow metabolism 2
a: no special abilities


You were on level 1 of the Dungeon.
You were not hungry.

You visited 1 branch of the dungeon, and saw 2 of its levels.

Inventory:

Hand Weapons
 a - a +1 dagger (weapon)
Armour
 b - a +0 robe (worn)
Scrolls
 e - a scroll of enchant weapon {unknown}
 f - a scroll of recharging {unknown}
 g - a scroll of identify {unknown}
 h - a scroll of enchant armour {unknown}
 j - a scroll of amnesia {unknown}
 k - a scroll of teleportation {unknown}
Potions
 i - a potion of curing {unknown}
Books
 c - a book of Maledictions

   Spells                             Type                      Level
   a - Corona                         Hexes                        1
   b - Ensorcelled Hibernation        Hexes/Ice                    2
   c - Confuse                        Hexes                        3
   d - Tukima's Dance                 Hexes                        3
   e - Dazzling Spray                 Conjuration/Hexes            3
Comestibles
 d - 3 bread rations


   Skills:
 + Level 0.2 Fighting
 + Level 1.8 Short Blades
 + Level 3.2 Dodging
 * Level 5.0 Stealth
 + Level 2.7 Spellcasting
 + Level 3.7 Hexes


You had 5 spell levels left.
You knew the following spells:

 Your Spells              Type           Power        Failure   Level  Hunger
a - Corona                Hex            ##.....      4%          1    #......


Dungeon Overview and Level Annotations

Branches:
Dungeon (2/15)

Altars:


Innate Abilities, Weirdness & Mutations

You are very small and have problems with some larger weapons.
You are too small for most types of armour.
You have supernaturally acute eyesight. (SInv)
You are a herbivore.
You cover ground extremely quickly.
You need consume almost no food.


Message History

The hobgoblin is lightly wounded.
You hit the hobgoblin.
The hobgoblin is severely wounded.
The hobgoblin hits you.
A giant cockroach comes into view.
You hit the hobgoblin.
You kill the hobgoblin!
The gnoll throws a stone.
The stone completely misses you.
The gnoll throws a stone.
The stone hits you.
Things that are here:
a stone; 20 gold pieces The giant cockroach waves its antennae.
The gnoll throws a stone.
The stone hits you.
* * * LOW HITPOINT WARNING * * *
You see here a stone.
Found a bread ration.
The gnoll throws a stone.
The stone barely misses you.
You see here a stone.
The gnoll throws a stone.
The stone hits you.
You die...

#.# #.# ## ## ..# #.###### #≈≈ #.
#####).....# ##≈≈ ##. #
##########.........##. ...##..
#.#......sg............. ...#..
#.#g########(################.#..
#.#.#........##########..........
................#....... ####...
......g........(@%......######...
...............s#...........)..>.
.........g......#.......#########
###.###.........#....... #.#
#........(#....... #.#
#.........#....... #.#
#.........#....... #.#
#.........####.### #.#
#.........#


You could see a gnoll and a giant cockroach.

Vanquished Creatures
  A leopard gecko (D:2)
  A bat (D:1)
  A giant cockroach (D:1)
  4 goblins
  5 hobgoblins (D:1)
  A kobold (D:1)
  5 rats
18 creatures vanquished.

Notes
Turn   | Place    | Note
-------+----------+-------------------------------------------
     0 | D:1      | rzd the Spriggan Enchanter began the quest for the Orb.
     0 | D:1      | Reached XP level 1. HP: 9/9 MP: 5/5
   548 | D:1      | Reached XP level 2. HP: 12/13 MP: 6/6
   754 | D:1      | Reached skill level 5 in Stealth
   995 | D:1      | Hit by a stone thrown by a gnoll

Skill      XL: |  1  2 |
---------------+-------+-----
Stealth        | 5 |  5.0
Fighting       | |  0.2
Short Blades   | |  1.8
Dodging        | |  3.2
Spellcasting   | |  2.7
Hexes          | |  3.7

Action                   || total
-------------------------++-------
Melee: Dagger            ||    77
 Cast: Corona            ||    15
Armor: Robe              ||     4
Dodge: Dodged            ||    55
